Map: White Rabbit LE

Players

BabyMarine - Winner!

  • Race: Terran Terran
  • Spawn Location: 7:00

LetaleX

  • Race: Protoss Protoss
  • League: Grandmaster
  • Spawn Location: 1:00

VOD

Have the link to the VOD?

Description

Time

  • Played on: Jan. 31, 2026, 1:53 p.m.
  • Length: 13:00
Show
View Real Time Build Order
Export as new Build Order

BabyMarine Terran - Winner!

Build Orders:  

Get SALT Encoding   

  12  0:00  SCV  
  13  0:12  SCV  
  14  0:16  Supply Depot  
  14  0:24  SCV  
  15  0:38  SCV  
  15  0:39  Barracks  
  15  0:42  Refinery  
  16  0:50  SCV  
  17  1:02  SCV  
  18  1:14  SCV  
  19  1:26  Marine  
  19  1:27  Orbital Command  
  20  1:42  Command Center  
  20  1:53  Factory  
  20  1:56  SCV  
  21  2:05  Barracks Reactor  
  21  2:06  Supply Depot  
  21  2:08  SCV  
  21  2:13  Refinery  
  22  2:21  SCV  
  23  2:33  SCV  
  24  2:42  Starport  
  24  2:45  Hellion x2  
  24  2:46  SCV  
  29  2:53  Orbital Command  
  29  2:58  SCV  
  30  3:05  Barracks Tech Lab  
  30  3:06  Widow Mine  
  30  3:07  Widow Mine  
  30  3:11  SCV  
  35  3:16  Supply Depot  
  35  3:19  Medivac  
  38  3:20  SCV  
  38  3:23  SCV  
  39  3:28  Widow Mine  
  39  3:29  Widow Mine  
  39  3:32  SCV  
  44  3:38  Barracks  
  44  3:39  SCV  
  45  3:45  SCV  
  46  3:48  Supply Depot  
  46  3:55  Marine x2  
  48  3:57  Starport Tech Lab  
  48  3:58  SCV  
  48  4:00  Supply Depot  
  48  4:02  Siege Tank  
  52  4:07  Bunker  
  52  4:08  SCV  
  53  4:13  SCV  
  53  4:14  Marine x2  
  53  4:16  Raven  
  58  4:21  SCV  
  57  4:32  Marine  
  57  4:36  Barracks  
  57  4:37  SCV  
  59  4:42  SCV  
  59  4:44  Engineering Bay, Marine, Refinery, Stimpack  
  57  4:47  Factory Reactor  
  57  4:48  Marine  
  57  4:49  Marine  
  57  4:52  SCV  
  58  4:54  SCV  
  59  5:01  Supply Depot  
  59  5:02  Marine  
  59  5:04  SCV, Starport Reactor  
  59  5:06  Marine  
  62  5:07  SCV  
  63  5:15  Terran Infantry Weapons Level 1  
  63  5:16  SCV  
  63  5:19  SCV  
  63  5:20  Marauder  
  67  5:24  Marine x2  
  66  5:29  SCV  
  66  5:31  SCV  
  59  5:38  Widow Mine x2  
  59  5:41  SCV, Marauder  
  61  5:43  SCV  
  61  5:44  Marine x2  
  61  5:47  Bunker  
  61  5:53  SCV  
  62  6:01  Marine  
  62  6:02  Marine, Marauder  
  62  6:03  Marauder  
  65  6:04  Medivac  
  65  6:08  SCV x2  
  67  6:11  Refinery  
  67  6:15  Combat Shield  
  67  6:17  Supply Depot  
  67  6:18  Widow Mine x2  
  71  6:21  Marine x2  
  71  6:24  Marauder  
  74  6:26  Supply Depot, Medivac  
  74  6:32  Marauder  
  71  6:44  Command Center  
  71  6:45  Widow Mine x2, Marine x2  
  71  6:46  Marauder  
  79  6:47  Medivac  
  81  6:57  Barracks  
  81  6:58  Concussive Shells  
  81  6:59  Barracks  
  81  7:00  Marauder  
  83  7:05  Marine x2  
  83  7:06  Barracks  
  85  7:11  Marauder  
  87  7:17  Widow Mine  
  87  7:18  Widow Mine, SCV  
  87  7:22  SCV  
  93  7:36  Marauder x2  
  95  7:39  Terran Infantry Armor Level 1, Widow Mine x2  
  95  7:40  SCV  
  95  7:41  Medivac  
  95  7:42  Medivac  
  102  7:44  Marine x2  
  102  7:46  Barracks Reactor  
  102  7:56  Barracks Reactor  
  102  7:57  Barracks Tech Lab  
  102  8:00  Marauder  
  102  8:01  Marauder, Barracks Tech Lab  
  102  8:04  Barracks  
  106  8:07  Marine  
  106  8:09  Widow Mine x2  
  106  8:10  Marine  
  107  8:13  SCV x2  
  109  8:20  Marauder x2  
  109  8:21  Marine  
  109  8:24  Armory  
  109  8:25  SCV, Medivac  
  115  8:27  Marauder  
  115  8:30  SCV  
  115  8:32  Marine x3  
  119  8:37  Supply Depot  
  119  8:41  Orbital Command  
  119  8:43  SCV  
  119  8:47  Marine  
  119  8:48  Marauder  
  123  8:49  SCV  
  123  8:52  Marine  
  123  8:53  Marine, Marauder  
  123  8:55  Marine  
  122  9:03  SCV  
  122  9:04  SCV  
  122  9:09  Marine x2, Marauder x2  
  120  9:10  Marine  
  120  9:11  SCV  
  120  9:14  Marauder  
  124  9:18  Supply Depot  
  124  9:19  Engineering Bay  
  124  9:22  Medivac x2  
  124  9:23  Marine x2  
  130  9:25  SCV x2  
  130  9:30  Supply Depot x2  
  132  9:40  Marauder  
  132  9:41  SCV x2, Supply Depot x2  
  132  9:42  Terran Infantry Weapons Level 2, Supply Depot  
  132  9:43  Marine, Marauder  
  139  9:46  Marauder  
  139  9:52  Marine  
  142  9:54  Marine x2, Marauder  
  142  9:57  SCV x3  
  149  10:00  Terran Infantry Armor Level 2  
  149  10:02  Marauder  
  149  10:04  Refinery  
  151  10:12  Marauder x2  
  152  10:16  Marauder, SCV  
  152  10:25  SCV x2, Marine x2  
  152  10:26  Marauder  
  151  10:30  Marine x2  
  151  10:33  Marauder x2  
  149  10:37  Marauder  
  149  10:41  Command Center  
  151  10:47  Marauder, Medivac  
  151  10:48  Medivac  
  151  10:49  Marine x2  
  159  10:52  Marine x2  
  159  10:55  Marauder x2  
  165  10:57  Ghost Academy  
  165  11:01  SCV x3  
  170  11:04  Marauder  
  170  11:05  Supply Depot x2  
  170  11:15  Marine, Marauder  
  173  11:18  SCV  
  173  11:23  Viking x2  
  178  11:27  Marauder x2  
  178  11:28  Starport  
  178  11:30  Missile Turret  
  182  11:34  Supply Depot  
  182  11:42  Ghost  
  182  11:46  Sensor Tower  
  184  11:58  Command Center  
  184  12:00  SCV  
  180  12:03  Marine x2  
  180  12:04  Marauder x2  
  175  12:10  Marine x2, Marauder  
  175  12:12  Marauder  
  175  12:13  SCV  
  159  12:21  Marine x2  
  157  12:25  Marauder x2  
  157  12:27  Marine  
  160  12:31  Marauder  
  160  12:36  SCV x2  
  163  12:37  Marine  
  163  12:38  Marauder  
  163  12:39  Marine  
Show
View Real Time Build Order
Export as new Build Order

LetaleX Protoss 

Build Orders: 1 Gate Expand, Phoenix Opening, Blink Stalkers 

Get SALT Encoding   

  12  0:00  Probe  
  13  0:12  Probe  
  14  0:18  Pylon  
  14  0:24  Probe  
  15  0:32  Probe  
  15  0:37  Gateway  
  15  0:40  Probe  
  16  0:45  Assimilator  
  17  0:50  Probe  
  18  1:03  Probe  
  19  1:15  Probe  
  20  1:20  Nexus  
  20  1:31  Cybernetics Core  
  20  1:34  Probe  
  21  1:40  Assimilator  
  21  1:46  Probe  
  22  1:49  Pylon  
  22  1:55  Stalker  
  22  1:57  Probe  
  23  2:05  Probe  
  23  2:07  Warp Gate  
  25  2:13  Probe  
  27  2:23  Phoenix  
  27  2:24  Sentry  
  27  2:25  Probe, Shield Battery  
  30  2:32  Probe  
  31  2:37  Probe  
  32  2:44  Probe, Stalker  
  32  2:49  Probe  
  36  2:55  Gateway  
  36  2:58  Twilight Council  
  36  3:00  Probe  
  36  3:03  Probe  
  38  3:09  Blink  
  38  3:12  Probe  
  39  3:15  Probe  
  40  3:20  Gateway  
  40  3:24  Probe  
  41  3:27  Probe, Pylon  
  42  3:36  Probe  
  42  3:39  Probe  
  44  3:47  Pylon  
  45  3:48  Probe  
  45  3:51  Probe  
  46  3:55  Stalker x2  
  46  3:57  Phoenix  
  46  4:00  Probe  
  51  4:03  Probe  
  51  4:08  Nexus, Pylon  
  52  4:15  Stalker  
  52  4:16  Probe  
  55  4:21  Probe  
  55  4:22  Robotics Facility  
  56  4:28  Probe  
  54  4:33  Probe  
  47  4:41  Probe  
  47  4:45  Stalker x3  
  54  4:47  Probe  
  55  4:54  Probe  
  55  4:58  Assimilator  
  55  4:59  Probe  
  57  5:06  Probe  
  58  5:10  Stalker  
  58  5:11  Stalker x2, Probe  
  58  5:13  Observer  
  66  5:18  Probe  
  67  5:23  Probe  
  67  5:27  Probe  
  65  5:30  Probe  
  62  5:35  Probe  
  62  5:39  Probe  
  64  5:45  Probe  
  64  5:46  Stalker x3  
  64  5:48  Probe  
  70  5:51  Probe  
  70  5:54  Charge  
  70  5:57  Probe  
  70  6:00  Probe  
  70  6:03  Probe  
  71  6:08  Probe  
  71  6:10  Probe  
  70  6:13  Gateway, Probe  
  70  6:14  Stalker x2  
  70  6:15  Gateway  
  70  6:16  Probe  
  70  6:18  Probe  
  76  6:21  Probe  
  76  6:24  Probe  
  77  6:26  Warp Prism, Probe  
  78  6:41  Probe  
  78  6:45  Gateway, Probe  
  76  6:49  Gateway  
  76  6:50  Gateway  
  76  6:53  Stalker x2  
  80  6:56  Probe  
  80  6:58  Shield Battery  
  81  7:03  Pylon  
  81  7:04  Probe  
  82  7:10  Pylon  
  82  7:11  Forge  
  80  7:16  Stalker x2  
  81  7:37  Observer  
  81  7:38  Probe  
  81  7:39  Zealot x5  
  81  7:42  Nexus  
  93  7:45  Protoss Ground Weapons Level 1  
  93  7:48  Zealot  
  94  7:56  Pylon  
  93  8:00  Robotics Bay  
  91  8:15  Probe  
  91  8:16  Stalker  
  91  8:19  Zealot x2  
  96  8:20  Zealot x2  
  96  8:25  Probe, Shield Battery  
  101  8:32  Colossus  
  101  8:33  Pylon  
  101  8:37  Probe x2, Pylon  
  101  8:38  Pylon  
  99  8:48  Zealot  
  95  8:56  Probe  
  95  8:58  Nexus  
  95  8:59  Zealot x7, Pylon  
  95  9:01  Probe  
  97  9:10  Zealot  
  97  9:17  Probe  
  98  9:19  Colossus  
  98  9:23  Zealot x7  
  112  9:26  Probe  
  112  9:30  Probe  
  118  9:31  Extended Thermal Lance  
  118  9:35  Probe  
  119  9:41  Probe  
  119  9:43  Shield Battery  
  120  9:46  Zealot x2  
  120  9:49  Pylon  
  122  9:54  Zealot  
  122  10:02  Zealot  
  122  10:04  Probe  
  122  10:06  Stalker  
  125  10:08  Stalker  
  123  10:15  Probe  
  123  10:19  Zealot x5  
  136  10:27  Protoss Ground Weapons Level 2  
  136  10:28  Probe  
  131  10:33  Stalker x3  
  131  10:35  Probe  
  134  10:39  Pylon  
  134  10:47  Probe  
  134  10:48  Colossus  
  135  10:51  Forge  
  135  10:56  Zealot x2  
  139  10:59  Pylon  
  139  11:02  Pylon  
  139  11:03  Pylon  
  138  11:05  Zealot x5  
  148  11:17  Probe  
  149  11:22  Zealot x3  
  149  11:23  Probe  
  156  11:27  Stalker  
  156  11:29  Zealot x4  
  164  11:40  Colossus, Probe  
  171  11:51  Pylon  
  171  11:59  Zealot x3  
  165  12:01  Nexus, Pylon  
  165  12:03  Zealot x5  
  146  12:11  Probe  
  131  12:21  Stalker x3  
  135  12:25  Zealot x5  
  133  12:37  Probe  
  133  12:42  Probe  
Tags
 
Add a new tag
Caveats
  • Supply blocks, unpowered buildings, or Contaminate may cause inaccurate times.
  • Supply counts are checked every 10 seconds.